[Event "Team 45 45 League T37"]
[Site "Internet Chess Club"]
[Date "2008.04.27"]
[Round "1"]
[White "iwulu"]
[Black "expatriot"]
[Result "0-1"]
[WhiteElo "2315"]
[BlackElo "2180"]
[Opening "Sicilian: accelerated fianchetto, Maróczy bind, 5...Bg7"]
[ECO "B37"]
[Time "21:06:12"]
[TimeControl "2700+45"]

1. Nf3 g6 2. e4 c5 3. c4 Nc6 4. d4 cxd4 5. Nxd4 Bg7 6. Nc2 Nf6 7. Nc3 d6 8. Be2
Nd7 9. O-O Nc5 10. f3 O-O 11. Be3 f5 12. exf5 Bxf5 13. Nd4 Nxd4 14. Bxd4 Bxd4+
15. Qxd4 a5 16. Rad1 a4 17. Rfe1 Qa5 18. Bf1 Rae8 19. Nd5 e5 20. Qh4 Qd8 21.
Qxd8 Rxd8 22. Nb6 g5 23. Rd2 Kf7 24. Re3 Ke7 25. Ra3 Bd7 26. Be2 Bc6 27. Bd1 Rf4
28. b4 axb3 29. axb3 Na6 30. Bc2 h5 31. Bg6 h4 32. Bh5 Nb4 33. Ra7 d5 34. cxd5
Nxd5 35. Nc4 Nf6 36. Rxd8 Kxd8 37. Bg6 e4 38. fxe4 Nxe4 39. Bxe4 Rxe4 40. Nd6
Rb4 41. Nf7+ Kc7 42. Ra5 b5 43. Nxg5 Rxb3 44. Ne6+ Kb6 45. Ra2 Bd5 46. Re2 b4
47. Nf4 Bc4 48. Re4 Kc5 49. Kf2 Rb1 50. Ne6+ Bxe6 51. Rxe6 b3 52. Re8 Rb2+ 53.
Kf3 Rc2 54. Rb8 Kc4 55. Rc8+ Kb4 56. Rb8+ Ka3 57. Ra8+ Kb2 58. h3 Rc4 59. Rb8
Kc2 60. g4 Rc3+ {White resigns} 0-1

[Event "Team 45 45 League T37"]
[Site "Internet Chess Club"]
[Date "2008.04.26"]
[Round "1"]
[White "aksuw"]
[Black "searchforbobby1"]
[Result "0-1"]
[WhiteElo "2144"]
[BlackElo "2163"]
[Opening "Réti v Dutch"]
[ECO "A04"]
[Time "13:29:43"]
[TimeControl "2700+45"]

1. Nf3 f5 2. d3 d6 3. e4 Nc6 4. Nc3 e5 5. exf5 Bxf5 6. d4 e4 7. Ng5 d5 8. f3
exf3 9. Nxf3 a6 10. Bd3 Bxd3 11. Qxd3 Qe7+ 12. Kf2 O-O-O 13. Re1 Qf7 14. Kg1 h6
15. Ne5 Nxe5 16. dxe5 Ne7 17. e6 Qf5 18. Qxf5 Nxf5 19. Bf4 Bc5+ 20. Kh1 g5 21.
Be5 Rhe8 22. Bf6 Rd6 23. Re5 Ne3 24. Re1 Ng4 25. Rxd5 Nf2+ 26. Kg1 Rxd5 27. Nxd5
Nd3+ 28. Kf1 Nxe1 29. Kxe1 Rxe6+ {White resigns} 0-1

[Event "Team 45 45 League T37"]
[Site "Internet Chess Club"]
[Date "2008.04.27"]
[Round "1"]
[White "Checkmates"]
[Black "pestka"]
[Result "1-0"]
[WhiteElo "2453"]
[BlackElo "2225"]
[Opening "QGD: Chigorin defense"]
[ECO "D07"]
[Time "14:57:40"]
[TimeControl "2700+45"]

1. d4 d5 2. c4 Nc6 3. Nc3 Nf6 4. Nf3 Bg4 5. cxd5 Nxd5 6. e4 Nxc3 7. bxc3 e5 8.
d5 Bxf3 9. gxf3 Nb8 10. Rb1 b6 11. Rg1 g6 12. Qa4+ c6 13. dxc6 Qc7 14. Be3 Ke7
15. Bxb6 Qxc6 16. Bd8+ {Black resigns} 1-0

[Event "Team 45 45 League T37"]
[Site "Internet Chess Club"]
[Date "2008.04.27"]
[Round "1"]
[White "killer21"]
[Black "DTK"]
[Result "1/2-1/2"]
[WhiteElo "2233"]
[BlackElo "2156"]
[Opening "French: Steinitz variation"]
[ECO "C11"]
[Time "16:01:45"]
[TimeControl "2700+45"]

1. e4 e6 2. d4 d5 3. Nc3 Nf6 4. e5 Nfd7 5. f4 c5 6. Nf3 Nc6 7. Ne2 cxd4 8. Nexd4
Bc5 9. c3 O-O 10. Bd3 Nxd4 11. cxd4 Be7 12. O-O f5 13. exf6 Nxf6 14. Ne5 Qb6 15.
Kh1 Bd7 16. a4 a5 17. Rf2 Be8 18. Be3 Rc8 19. Rc2 Bh5 20. Qc1 Rxc2 21. Qxc2 Kh8
22. Rc1 Bd6 23. Bg1 Qb4 24. f5 exf5 25. Bxf5 Re8 26. Nd3 Qb6 27. Ne5 Qb4 28. Nd3
Qb6 29. Ne5 Qb4 30. Nd3 {Game drawn by repetition} 1/2-1/2

[Event "Team 45 45 League T37"]
[Site "Internet Chess Club"]
[Date "2008.04.28"]
[Round "1"]
[White "jorobo"]
[Black "gezira"]
[Result "0-1"]
[WhiteElo "2136"]
[BlackElo "2221"]
[Opening "King's Indian: 5.Be2"]
[ECO "E73"]
[Time "10:05:33"]
[TimeControl "2700+45"]

1. c4 Nf6 2. Nc3 g6 3. e4 d6 4. d4 Bg7 5. Be2 Nc6 6. Nf3 O-O 7. O-O Ng4 8. h3
Nh6 9. d5 Ne5 10. Nxe5 dxe5 11. f4 exf4 12. Bxf4 f5 13. e5 e6 14. Bf3 Nf7 15.
dxe6 Bxe6 16. Bxb7 Rb8 17. Bd5 Bxd5 18. Qxd5 Rxb2 19. e6 Bxc3 20. exf7+ Kg7 21.
Qxd8 Rxd8 22. Rad1 Rxd1 23. Rxd1 Kxf7 24. Bxc7 Rxa2 25. Rd7+ Ke6 26. Rxh7 Bd4+
27. Kh2 Rc2 28. Bb8 a5 29. Rh6 Kf6 30. Rh8 a4 31. Rf8+ Ke7 32. Rc8 a3 33. Ba7
Be5+ 34. Kg1 a2 {White resigns} 0-1

[Event "Team 45 45 League T37"]
[Site "Internet Chess Club"]
[Date "2008.04.25"]
[Round "1"]
[White "andreip"]
[Black "Ser-Enigma"]
[Result "1-0"]
[WhiteElo "2065"]
[BlackElo "2078"]
[Opening "Caro-Kann: Steinitz variation"]
[ECO "B17"]
[Time "14:24:54"]
[TimeControl "2700+45"]

1. e4 c6 2. d4 d5 3. Nc3 dxe4 4. Nxe4 Nd7 5. Nf3 Ngf6 6. Nxf6+ Nxf6 7. h3 Bf5 8.
Bd3 Bxd3 9. Qxd3 e6 10. O-O Qc7 11. Be3 Nd5 12. a3 Bd6 13. c4 Nxe3 14. fxe3 f6
15. c5 Bg3 16. Nd2 O-O-O 17. Ne4 Bh2+ 18. Kh1 h5 19. b4 h4 20. a4 f5 21. Ng5 Rh6
22. Nf3 Bg3 23. b5 Kb8 24. Rfb1 Qd7 25. a5 e5 26. bxc6 Rxc6 27. Qb3 exd4 28.
exd4 Ka8 29. Ra4 Rb8 30. Rb4 a6 31. Qe3 Bc7 32. Ne5 Bxe5 33. Qxe5 Re8 34. Rxb7
Qxb7 35. Qxe8+ Rc8 36. Rxb7 Rxe8 37. Rxg7 Rd8 38. c6 Rxd4 39. Rg8+ Ka7 40. c7 f4
41. c8=Q f3 42. Qb8# {Black checkmated} 1-0

[Event "Team 45 45 League T37"]
[Site "Internet Chess Club"]
[Date "2008.04.26"]
[Round "1"]
[White "Folgers"]
[Black "Gail"]
[Result "1/2-1/2"]
[WhiteElo "2072"]
[BlackElo "2422"]
[Opening "Queen's pawn: Torre attack"]
[ECO "A40"]
[Time "10:59:41"]
[TimeControl "2700+45"]

1. d4 e6 2. Nf3 Nf6 3. Bg5 c5 4. e3 b6 5. d5 exd5 6. Nc3 Bb7 7. Nxd5 Be7 8. Bxf6
Bxf6 9. c3 O-O 10. Bc4 Nc6 11. O-O d6 12. Qd2 g6 13. Rad1 Bg7 14. e4 Re8 15.
Rfe1 a6 16. a4 Na5 17. Ba2 b5 18. b4 cxb4 19. cxb4 Nc4 20. Bxc4 bxc4 21. a5 Rc8
22. Nb6 Rc7 23. Qf4 Re6 24. Nd4 Re8 25. f3 Be5 26. Qe3 f5 27. f4 Bxd4 28. Qxd4
Rxe4 29. Rxe4 Bxe4 30. Nxc4 d5 31. Ne3 Rd7 32. Rc1 Rc7 33. Rd1 Rd7 34. Rc1 Rd6
35. Rc5 Qd7 36. Kf2 h6 37. g3 Kh7 38. h4 Qg7 39. Qxg7+ Kxg7 40. Ke2 Kf6 {Game
drawn by mutual agreement} 1/2-1/2

[Event "Team 45 45 League T37"]
[Site "Internet Chess Club"]
[Date "2008.04.28"]
[Round "1"]
[White "nissehult"]
[Black "Petrozjan"]
[Result "1/2-1/2"]
[WhiteElo "2043"]
[BlackElo "2031"]
[Opening "QGD: Chigorin defense"]
[ECO "D07"]
[Time "15:03:11"]
[TimeControl "2700+45"]

1. d4 d5 2. c4 Nc6 3. Nf3 Bg4 4. Nc3 e6 5. Bf4 Bxf3 6. gxf3 Bd6 7. cxd5 exd5 8.
Nxd5 Bxf4 9. Nxf4 Qxd4 10. Qxd4 Nxd4 11. O-O-O O-O-O 12. Bh3+ Kb8 13. e3 Nc6 14.
Rxd8+ Nxd8 15. Rd1 Nf6 16. Nd5 Nxd5 17. Rxd5 Nc6 18. a3 Rd8 19. Rxd8+ Nxd8 20.
Kd2 {Game drawn by mutual agreement} 1/2-1/2

[Event "Team 45 45 League T37"]
[Site "Internet Chess Club"]
[Date "2008.04.27"]
[Round "1"]
[White "forketta"]
[Black "PandorasBox"]
[Result "0-1"]
[WhiteElo "1987"]
[BlackElo "2071"]
[Opening "Budapest: Rubinstein variation"]
[ECO "A52"]
[Time "05:12:01"]
[TimeControl "2700+45"]

1. d4 Nf6 2. c4 e5 3. dxe5 Ng4 4. Bf4 Nc6 5. Nf3 Bb4+ 6. Nbd2 Qe7 7. e3 Ngxe5 8.
Nxe5 Nxe5 9. Be2 O-O 10. O-O a5 11. Nb3 a4 12. Nd4 d6 13. Qc2 c6 14. Rfd1 Qf6
15. Nf3 Bf5 16. e4 Nxf3+ 17. Bxf3 Bg4 18. Bxg4 Qxf4 19. Be2 Bc5 20. Rf1 Rfe8 21.
Bd3 Re6 22. Qc3 Rh6 23. g3 Qg4 {White resigns} 0-1

[Event "Team 45 45 League T37"]
[Site "Internet Chess Club"]
[Date "2008.04.28"]
[Round "1"]
[White "Despair"]
[Black "Elddir"]
[Result "1-0"]
[WhiteElo "1978"]
[BlackElo "1975"]
[Opening "Benko's opening"]
[ECO "A00"]
[Time "20:02:07"]
[TimeControl "2700+45"]

1. g3 d5 2. Bg2 e5 3. d4 exd4 4. Qxd4 Nf6 5. Bg5 Be7 6. Nc3 c5 7. Qa4+ Bd7 8.
Qf4 Bc6 9. Nf3 d4 10. Bxf6 Bxf6 11. Ne4 Be7 12. c3 Qb6 13. O-O-O Bxe4 14. Qxe4
dxc3 15. bxc3 Nc6 16. Ne5 Rc8 17. Nxf7 O-O 18. Qe6 Rxf7 19. Qxc8+ Rf8 20. Qe6+
Rf7 21. Bxc6 bxc6 22. Rd7 Qa5 23. Rxe7 Qxc3+ 24. Kb1 Qb4+ 25. Kc2 Qa4+ 26. Kc1
Qa3+ 27. Kd1 Qa4+ 28. Ke1 Qb4+ 29. Kf1 {Black resigns} 1-0

[Event "Team 45 45 League T37"]
[Site "Internet Chess Club"]
[Date "2008.04.27"]
[Round "1"]
[White "kingcapture"]
[Black "JustinSane"]
[Result "1/2-1/2"]
[WhiteElo "2206"]
[BlackElo "2141"]
[Opening "French: Winawer (Nimzovich) variation"]
[ECO "C15"]
[Time "16:30:56"]
[TimeControl "2700+45"]

1. e4 e6 2. d4 d5 3. Nc3 Bb4 4. exd5 exd5 5. Bd3 Nc6 6. Ne2 Nge7 7. O-O O-O 8.
a3 Bxc3 9. bxc3 Bf5 10. c4 Na5 11. cxd5 Bxd3 12. Qxd3 Qxd5 13. Nf4 Qc4 14. Rb1
b6 15. Rd1 Rad8 16. Be3 Nd5 17. Nxd5 Rxd5 18. Qxc4 Nxc4 19. a4 c5 20. dxc5 Nxe3
21. fxe3 Rxc5 22. Rd7 Ra5 23. Rb4 Rc8 24. Rc4 Rf8 25. Kf2 h6 26. Ke2 Re8 27. Kd3
Rh5 28. h3 Rhe5 29. e4 Rg5 30. Rcc7 Rxg2 31. Rxf7 Rf8 32. Rxf8+ Kxf8 33. Rxa7
Rg3+ 34. Kd4 Rxh3 35. e5 Rg3 36. Kd5 Rg1 37. Rb7 h5 38. Rxb6 h4 39. Rb4 g5 40.
Rb8+ Kg7 41. Rb7+ Kg6 42. Rb6+ Kg7 43. Rb7+ Kg6 44. Rb6+ Kg7 {Game drawn by
mutual agreement} 1/2-1/2

[Event "Team 45 45 League T37"]
[Site "Internet Chess Club"]
[Date "2008.04.26"]
[Round "1"]
[White "nardz"]
[Black "izit"]
[Result "1-0"]
[WhiteElo "2126"]
[BlackElo "2201"]
[Opening "Trompowsky attack (Ruth, Opocenský opening)"]
[ECO "A45"]
[Time "10:05:25"]
[TimeControl "2700+45"]

1. d4 Nf6 2. Bg5 Ne4 3. Bf4 c5 4. f3 Qa5+ 5. c3 Nf6 6. d5 Qb6 7. Bc1 e6 8. e4
exd5 9. e5 Qe6 10. Qe2 Ng8 11. f4 d6 12. Nf3 Nc6 13. Na3 a6 14. g3 f6 15. f5
Qxf5 16. exf6+ Qe4 17. f7+ Kd8 18. fxg8=Q Qxe2+ 19. Bxe2 Rxg8 20. O-O Be7 21.
Rd1 Be6 22. Ng5 Kd7 23. Nxe6 Kxe6 24. Bg4+ {Black resigns} 1-0

[Event "Team 45 45 League T37"]
[Site "Internet Chess Club"]
[Date "2008.04.25"]
[Round "1"]
[White "LeSacAttack"]
[Black "NFork"]
[Result "0-1"]
[WhiteElo "2239"]
[BlackElo "2205"]
[Opening "Tennison (Lemberg, Zukertort) gambit"]
[ECO "B01"]
[Time "13:13:14"]
[TimeControl "2700+45"]

1. e4 d5 2. Nf3 dxe4 3. Ng5 e5 4. h4 h6 5. Nxe4 Nf6 6. Nbc3 Be7 7. Bc4 Nc6 8.
Nxf6+ Bxf6 9. d3 Nd4 10. Be3 Be6 11. Bxe6 Nxe6 12. Qf3 c6 13. O-O-O Qa5 14. Kb1
Be7 15. Rde1 Rf8 16. Qg3 O-O-O 17. Bd2 Qb6 18. Qxe5 Qxf2 19. Be3 Qxg2 20. Rhg1
Qh3 21. Bf2 Bf6 22. Qa5 Bd4 23. Bxd4 Nxd4 24. Qxa7 Qh2 25. Rxg7 Qxc2+ 26. Ka1
Qxd3 27. Qa8+ Kc7 28. Re7+ Rd7 29. Rxd7+ Kxd7 30. Qxb7+ Kd6 31. Qb4+ Ke6 32. Qa4
Nc2+ 33. Kb1 Nd4+ 34. Ka1 Ra8 35. Qd1 Qxd1+ 36. Nxd1 Nf5 37. Rg1 Nxh4 38. Ne3
Ng6 39. Rh1 Rd8 40. a4 Rd3 41. Ng2 Rd4 42. Rxh6 Rxa4+ 43. Kb1 Rg4 44. Ne3 Rh4
45. Rxh4 Nxh4 46. Kc2 f5 47. b4 f4 48. Nd1 Nf5 49. Kc3 Ke5 50. Nf2 f3 51. Kc4
Nd6+ 52. Kd3 Kf4 53. Kd4 Kg3 54. Nd3 Nb7 55. Ke3 Nd6 56. Kd4 Nb7 57. Ke3 Nd8 58.
Kd4 Ne6+ 59. Ke3 Ng5 60. Kd4 Ne6+ 61. Ke3 Ng5 62. Kd4 Nh3 63. Ke3 Ng1 64. Kd4
Ne2+ 65. Ke3 Nc3 66. Kd4 Na2 67. Ke3 Nxb4 {White resigns} 0-1

[Event "Team 45 45 League T37"]
[Site "Internet Chess Club"]
[Date "2008.04.27"]
[Round "1"]
[White "gorgon"]
[Black "therealwizard"]
[Result "1/2-1/2"]
[WhiteElo "2065"]
[BlackElo "2117"]
[Opening "QGD Slav: 3.Nf3"]
[ECO "D11"]
[Time "15:04:59"]
[TimeControl "2700+45"]

1. d4 d5 2. c4 c6 3. Nf3 Nf6 4. Qc2 dxc4 5. Qxc4 Bf5 6. Nc3 e6 7. g3 Nbd7 8. Bg2
Be7 9. O-O O-O 10. e3 Ne4 11. Nd2 Nxd2 12. Bxd2 Nb6 13. Qe2 e5 14. e4 Be6 15. d5
cxd5 16. exd5 Nxd5 17. Qxe5 Bf6 18. Qe2 Re8 19. Rfe1 Nxc3 20. Bxc3 Bxc3 21. bxc3
Qc7 {Game drawn by mutual agreement} 1/2-1/2

[Event "Team 45 45 League T37"]
[Site "Internet Chess Club"]
[Date "2008.04.27"]
[Round "1"]
[White "Kolibri"]
[Black "noHz"]
[Result "0-1"]
[WhiteElo "2007"]
[BlackElo "2199"]
[Opening "Ruy Lopez: closed, anti-Marshall 8.a4"]
[ECO "C88"]
[Time "13:00:46"]
[TimeControl "2700+45"]

1. e4 e5 2. Nf3 Nc6 3. Bb5 a6 4. Ba4 Nf6 5. O-O b5 6. Bb3 Be7 7. Re1 O-O 8. a4
Bb7 9. axb5 axb5 10. Rxa8 Qxa8 11. c3 d6 12. d3 Na5 13. Bc2 c5 14. Nbd2 Re8 15.
Nf1 Bf8 16. Ng3 g6 17. Qe2 Nc6 18. Bb3 Bg7 19. Ng5 Re7 20. Be3 h6 21. Nh3 Bc8
22. f3 Bxh3 23. gxh3 Ra7 24. Qf1 b4 25. Bd2 bxc3 26. Bxc3 Nd4 27. Bc4 h5 28. h4
Bh6 29. Qf2 Nd7 30. Bd5 Qd8 31. Bxd4 cxd4 32. Nf1 Nc5 33. Bc4 Qf6 34. Qg3 Ne6
35. Bxe6 Qxe6 36. Kg2 Qb3 37. Re2 Qxd3 38. Qf2 Qb5 39. Rc2 Ra8 40. Rc7 Rb8 41.
Nd2 Be3 42. Qf1 Qxb2 {White resigns} 0-1

[Event "Team 45 45 League T37"]
[Site "Internet Chess Club"]
[Date "2008.04.27"]
[Round "1"]
[White "chiiwen"]
[Black "Monsoon-Smith"]
[Result "0-1"]
[WhiteElo "2087"]
[BlackElo "2040"]
[Opening "Sicilian: Kan, 5.Nc3"]
[ECO "B43"]
[Time "21:06:23"]
[TimeControl "2700+45"]

1. e4 c5 2. Nf3 e6 3. d4 cxd4 4. Nxd4 a6 5. Nc3 Qc7 6. Bd3 Bc5 7. Be3 d6 8. O-O
Nf6 9. Kh1 b5 10. a3 O-O 11. Qe2 Bb7 12. f4 Nbd7 13. Rae1 Qb6 14. Nb3 Bxe3 15.
Qxe3 Qxe3 16. Rxe3 Rac8 17. h3 Nb6 18. Rd1 Rfd8 19. Re2 Kf8 20. Kh2 Ba8 21. Na2
Na4 22. c3 Nc5 23. Nxc5 dxc5 24. e5 Nd5 25. g3 Nb6 26. Bc2 Bf3 27. Rxd8+ Rxd8
28. Rf2 Bd1 29. Be4 Bb3 30. Nc1 Bc4 31. b3 Bd5 32. Rd2 Ke7 33. Bc2 Bf3 34. Rf2
h6 35. Nd3 Ba8 36. Nxc5 Rc8 37. Nxa6 Rxc3 38. Nb4 Nd5 39. Nxd5+ Bxd5 40. g4 Bxb3
41. Bxb3 Rxb3 42. Kg2 Rxa3 43. Rb2 Ra5 44. Kf3 Kd7 45. Ke4 Ra4+ 46. Ke3 Kc6 47.
Rc2+ Rc4 48. Ra2 b4 49. f5 b3 50. Rb2 Rb4 51. fxe6 fxe6 52. Kd3 Kd5 53. Kc3 Rb7
54. h4 Kxe5 55. g5 hxg5 56. hxg5 Kf5 57. Kd4 e5+ 58. Kd5 e4 59. Kd4 Kf4 60. g6
e3 61. Kd3 Kf3 {White resigns} 0-1

[Event "Team 45 45 League T37"]
[Site "Internet Chess Club"]
[Date "2008.04.24"]
[Round "1"]
[White "Stav"]
[Black "sean98"]
[Result "1-0"]
[WhiteElo "1771"]
[BlackElo "1607"]
[Opening "Benkö gambit"]
[ECO "A57"]
[Time "16:02:11"]
[TimeControl "2700+45"]

1. d4 Nf6 2. c4 c5 3. d5 b5 4. Nc3 bxc4 5. e4 d6 6. Bxc4 Ng4 7. Nf3 g6 8. O-O
Bg7 9. h3 Ne5 10. Nxe5 Bxe5 11. Bh6 Rg8 12. Qd2 Qa5 13. Kh1 Ba6 14. Bxa6 Qxa6
15. f4 Bf6 16. g4 Nd7 17. g5 Bg7 18. Bxg7 Rxg7 19. Rae1 O-O-O 20. Rf3 f6 21. h4
fxg5 22. hxg5 Rh8 23. Kg2 h6 24. Rh3 Rgh7 25. Reh1 h5 26. Nd1 Qc4 27. Nf2 e6 28.
Rc3 Qa6 29. dxe6 Nf8 30. f5 gxf5 31. exf5 Qb7+ 32. Kg1 Qe7 33. b4 Rg7 34. Nh3
Nh7 35. bxc5 dxc5 36. f6 Nxf6 37. Qe3 Ne8 38. Rxc5+ Nc7 39. Rh2 Qf6 40. Rhc2
Rhh7 41. Kh2 Qd8 42. Qe4 Qd6+ 43. Nf4 Kd8 44. Qf5 {Black resigns} 1-0

[Event "Team 45 45 League T37"]
[Site "Internet Chess Club"]
[Date "2008.04.28"]
[Round "1"]
[White "DonPacheco"]
[Black "burnsja2003"]
[Result "1-0"]
[WhiteElo "1803"]
[BlackElo "1650"]
[Opening "Sicilian"]
[ECO "B54"]
[Time "18:07:00"]
[TimeControl "2700+45"]

1. e4 c5 2. Nf3 d6 3. d4 cxd4 4. Nxd4 Nc6 5. Nc3 e6 6. g4 Be7 7. Be3 Nf6 8. g5
Nd7 9. f4 a6 10. Qd2 Nxd4 11. Bxd4 e5 12. Be3 exf4 13. Bxf4 Ne5 14. Be2 Be6 15.
O-O-O O-O 16. h4 b5 17. Nd5 Bxd5 18. Qxd5 Qa5 19. Kb1 Rad8 20. c4 Qb6 21. c5 Qb8
22. Rhf1 Ng6 23. Bxd6 Bxd6 24. cxd6 Nxh4 25. e5 Ng6 26. e6 fxe6 27. Qxe6+ Kh8
28. Rh1 Nf4 29. Rxh7+ Kxh7 30. Rh1+ {Black resigns} 1-0

[Event "Team 45 45 League T37"]
[Site "Internet Chess Club"]
[Date "2008.04.27"]
[Round "1"]
[White "dscvdchk"]
[Black "kingphisch"]
[Result "1-0"]
[WhiteElo "1522"]
[BlackElo "1433"]
[Opening "QGD Slav: 4.Nc3"]
[ECO "D15"]
[Time "22:07:51"]
[TimeControl "2700+45"]

1. d4 d5 2. c4 c6 3. Nf3 Nf6 4. Nc3 a6 5. a4 e6 6. e3 Bb4 7. Bd2 Nbd7 8. Bd3
dxc4 9. Bxc4 O-O 10. O-O Qc7 11. Qe2 b6 12. e4 Bb7 13. e5 Nd5 14. Ne4 Be7 15.
Rac1 c5 16. Rfd1 Rfe8 17. Neg5 h6 18. Ne4 Qd8 19. Bd3 Nc7 20. Nd6 Bxd6 21. exd6
Nd5 22. Ne5 N7f6 23. dxc5 bxc5 24. d7 Nxd7 25. Nxd7 Qxd7 26. Rxc5 Qxa4 27. Ra5
Qc6 28. Be4 Qb6 29. Rb1 Nc7 30. Bxb7 Qxb7 31. Qg4 Nd5 32. Bxh6 g6 33. Qg5 Qe7
34. Qg3 Qb4 35. Qa3 Qxa3 36. bxa3 Rec8 37. h3 Nc3 38. Rb6 Nd5 39. Rbxa6 Rxa6 40.
Rxa6 Rc3 41. a4 Ra3 42. a5 Ra1+ 43. Kh2 Nb4 44. Ra8+ Kh7 45. Bg5 Nc6 46. Bf6 g5
47. a6 Ra4 48. Bxg5 Nb4 49. a7 Nc6 50. Be3 Ne7 51. Bg5 Nc6 52. Be3 Ne7 53. Bb6
Nd5 54. Bd8 Ra6 55. g3 Nb4 56. Bf6 Kg6 57. Bc3 Nd5 58. Bd4 Kf5 59. Rf8 f6 60.
a8=Q Rxa8 61. Rxa8 e5 62. Bc5 Nc7 63. Ra4 Ne6 64. Be3 Ng7 65. f3 Kg6 66. f4 exf4
67. Rxf4 Nf5 68. Bb6 Nd6 69. Bd8 f5 70. Ra4 Nf7 71. Ra6+ Kh5 72. Be7 Ne5 73. Kg2
Nd3 74. Kf3 Ne5+ 75. Ke3 Nd7 76. Kf4 Nb8 77. Rf6 Nd7 78. Rxf5+ Kg6 79. g4 {Black
resigns} 1-0

[Event "Team 45 45 League T37"]
[Site "Internet Chess Club"]
[Date "2008.04.24"]
[Round "1"]
[White "oldsj"]
[Black "Just-Jim"]
[Result "1-0"]
[WhiteElo "1552"]
[BlackElo "1339"]
[Opening "Ruy Lopez: Cozio defense"]
[ECO "C60"]
[Time "19:58:19"]
[TimeControl "2700+45"]

1. e4 e5 2. Nf3 Nc6 3. Bb5 Nge7 4. O-O a6 5. Ba4 d6 6. c3 Bd7 7. d4 Ng6 8. Re1
Be7 9. Nbd2 O-O 10. Nf1 Bg4 11. d5 Na5 12. h3 Bxf3 13. Qxf3 Nh4 14. Qg4 Ng6 15.
Ne3 b5 16. Bc2 Bg5 17. b3 c5 18. Nf5 Bxc1 19. Raxc1 Ra7 20. Re3 Rd7 21. h4 f6
22. h5 Nh8 23. Nh6# {Black checkmated} 1-0

[Event "Team 45 45 League T37"]
[Site "Internet Chess Club"]
[Date "2008.04.29"]
[Round "1"]
[White "rubashov"]
[Black "nanning"]
[Result "1/2-1/2"]
[WhiteElo "1601"]
[BlackElo "1661"]
[Opening "Ruy Lopez: closed, Bogolyubov variation"]
[ECO "C91"]
[Time "08:06:27"]
[TimeControl "2700+45"]

1. e4 e5 2. Nf3 Nc6 3. Bb5 a6 4. Ba4 Nf6 5. O-O Be7 6. Re1 b5 7. Bb3 d6 8. c3
O-O 9. d4 Bg4 10. Bc2 Bxf3 11. gxf3 Nh5 12. d5 Nb8 13. Kh1 Bh4 14. Qe2 Qf6 15.
Rg1 Nf4 16. Bxf4 Qxf4 17. Nd2 Nd7 18. Rg4 Qh6 19. Qe3 Qxe3 20. fxe3 Bf2 21. Nf1
Nf6 22. Rg2 Bh4 23. Nd2 Kh8 24. Nb3 g5 25. Na5 Rg8 26. Rag1 Rg7 27. Nc6 Ng8 28.
f4 f6 29. Bd1 Ne7 30. Nxe7 Rxe7 31. f5 Kg7 {Game drawn by mutual agreement}
1/2-1/2

[Event "Team 45 45 League T37"]
[Site "Internet Chess Club"]
[Date "2008.04.25"]
[Round "1"]
[White "SATELLITE-DAN"]
[Black "OOB1"]
[Result "1-0"]
[WhiteElo "1657"]
[BlackElo "1543"]
[Opening "QGD: 4.Nf3"]
[ECO "D37"]
[Time "21:05:37"]
[TimeControl "2700+45"]

1. d4 d5 2. c4 e6 3. Nf3 Nf6 4. Nc3 a6 5. Qc2 c5 6. dxc5 Bxc5 7. cxd5 Nxd5 8. a3
Nc6 9. e4 Nf6 10. Bg5 Be7 11. Rd1 Qc7 12. Bd3 e5 13. Bxf6 Bxf6 14. Nd5 Qd6 15.
h3 O-O 16. O-O g6 17. Bc4 Nd4 18. Nxd4 exd4 19. f4 Bh8 20. e5 Qc5 21. Nf6+ Kg7
22. Qd3 b5 23. Ba2 Rd8 24. Rc1 Qa7 25. g4 a5 26. f5 Ba6 27. fxg6 hxg6 28. h4 b4
29. Bc4 Bxc4 30. Rxc4 bxa3 31. bxa3 Kf8 32. Nh7+ Ke7 33. Re1 Qa6 34. a4 Rdc8 35.
Qa3+ Kd8 36. Qf8+ Kd7 37. Qxf7+ Kd8 38. Qf8+ Kd7 39. Qf7+ Kd8 40. Rxd4+ {Black
resigns} 1-0

[Event "Team 45 45 League T37"]
[Site "Internet Chess Club"]
[Date "2008.04.24"]
[Round "1"]
[White "gotcha"]
[Black "vampi"]
[Result "0-1"]
[WhiteElo "1440"]
[BlackElo "1521"]
[Opening "King's Indian: London system"]
[ECO "A48"]
[Time "17:06:19"]
[TimeControl "2700+45"]

1. d4 Nf6 2. Nf3 g6 3. Bf4 Bg7 4. c3 d6 5. h3 O-O 6. Nbd2 Nbd7 7. e4 c5 8. Bc4
Nb6 9. Bb3 a5 10. Ng5 a4 11. Bxf7+ Rxf7 12. Nxf7 Kxf7 13. O-O cxd4 14. cxd4 Bd7
15. Rc1 Nh5 16. Be3 Be6 17. d5 Bd7 18. b3 a3 19. Nc4 Nxc4 20. bxc4 Nf6 21. Qc2
Ba4 22. Qd3 Be8 23. Rb1 Qd7 24. Rb3 Qa4 25. Rxb7 Nd7 26. Bd4 Ne5 27. Qc3 Qxc4
28. Qxc4 Nxc4 29. Bxg7 Kxg7 30. Rxe7+ Bf7 31. Rc1 Ra4 32. Rc7 Nd2 33. f3 Rb4 34.
Ra7 Nc4 35. Rc7 Nd2 36. R1c3 Nb1 37. Rb3 Rxb3 38. axb3 Kf6 39. Kf2 Be8 40. Rxh7
Ba4 41. Ra7 Nc3 42. bxa4 a2 43. Rc7 a1=Q 44. Rc6 Ke5 45. Ra6 Nxa4 46. Kg3 Qe1+
47. Kg4 Nc3 48. Ra8 Nxe4 49. fxe4 Qxe4+ 50. Kg5 Qxg2+ 51. Kh6 Qxh3+ 52. Kxg6
Qg2+ 53. Kh6 Qxd5 54. Re8+ Kd4 55. Re1 Qf3 56. Rg1 Qe3+ 57. Rg5 Qxg5+ 58. Kxg5
Kc3 59. Kf4 d5 60. Ke3 d4+ 61. Ke2 Kc2 62. Ke1 d3 63. Kf2 d2 64. Ke3 d1=Q 65.
Kf2 Qd2+ 66. Kf3 Kd3 67. Kg3 Ke3 68. Kg4 Qd7+ 69. Kg5 Qf7 70. Kg4 Qf4+ 71. Kh5
Qg3 72. Kh6 Kf4 73. Kh7 Kf5 74. Kh8 Kf6 75. Kh7 Qg7# {White checkmated} 0-1

[Event "Team 45 45 League T37"]
[Site "Internet Chess Club"]
[Date "2008.04.25"]
[Round "1"]
[White "ZiggyStardust"]
[Black "Mfalme"]
[Result "1-0"]
[WhiteElo "1587"]
[BlackElo "1277"]
[Opening "Danish gambit"]
[ECO "C21"]
[Time "10:11:47"]
[TimeControl "2700+45"]

1. e4 e5 2. d4 exd4 3. c3 dxc3 4. Bc4 cxb2 5. Bxb2 Nc6 6. Nf3 d6 7. h3 Be6 8.
Bxe6 fxe6 9. O-O Qe7 10. Nc3 O-O-O 11. Rb1 e5 12. Nd5 Qe6 13. Qb3 Qd7 14. Bxe5
Na5 15. Qc3 b6 16. Bd4 Ne7 17. Nf4 Nec6 18. Nd5 Nb7 19. Rfc1 Nc5 20. Bxc5 dxc5
21. Rd1 Qe8 22. Qe3 Bd6 23. Nc3 Rf8 24. Nb5 Bf4 25. Rxd8+ Qxd8 26. Qa3 a5 27.
Qa4 Kb7 28. Nc3 Nd4 29. Nxd4 Qxd4 30. Qxd4 cxd4 31. Nd5 Bd6 32. Rd1 c5 33. Rb1
Bc7 34. f3 Re8 35. Kf2 Re6 36. Re1 c4 37. Rc1 b5 38. a4 b4 39. Rxc4 Bd6 40. Ke2
Rg6 41. Kf1 Bb8 42. Rxd4 b3 43. Rd3 b2 44. Rb3+ Ka7 45. Rxb2 Ra6 46. Ne7 Be5 47.
Rb5 Bc3 48. Nc8+ Ka8 49. Rb6 Rxb6 50. Nxb6+ Kb7 51. Nd5 Bb4 52. Ke2 Kc6 53.
Nxb4+ axb4 54. Kd3 Kc5 55. a5 Kb5 56. a6 Kxa6 57. Kc4 Ka5 58. Kb3 Kb5 59. g4 Kc5
60. f4 h6 61. e5 g6 62. f5 gxf5 63. gxf5 Kd5 64. e6 Kd6 65. Kxb4 Ke7 66. Kc5 Kf6
67. Kd6 {Black resigns} 1-0

[Event "Team 45 45 League T37"]
[Site "Internet Chess Club"]
[Date "2008.04.27"]
[Round "1"]
[White "cityprosecutor"]
[Black "sra66"]
[Result "1-0"]
[WhiteElo "1775"]
[BlackElo "1548"]
[Opening "Sicilian defense"]
[ECO "B20"]
[Time "19:10:59"]
[TimeControl "2700+45"]

1. e4 c5 2. d3 Nc6 3. g3 d5 4. Nd2 Nf6 5. Bg2 e6 6. f4 dxe4 7. Nxe4 e5 8. Ne2
Rb8 9. O-O b5 10. Kh1 Bg4 11. Qd2 Nd4 12. Nxd4 exd4 13. f5 Be7 14. h3 Nxe4 15.
dxe4 h5 16. hxg4 hxg4+ 17. Kg1 c4 18. Qf4 d3 19. cxd3 cxd3 20. Be3 Rb7 21. e5
Rd7 22. Bc6 Kf8 23. Bxd7 Qxd7 24. Qe4 Rh3 25. Qxg4 Rh7 26. e6 Qc6 27. Qf3 Qxf3
28. Rxf3 fxe6 29. fxe6+ Ke8 30. Bxa7 Bf6 31. Rxd3 Bxb2 32. Rb1 Bf6 33. Rd7 Kf8
34. Rxb5 {Black resigns} 1-0